 Dungeon Crawl Stone Soup version 0.27-a0-1193-g8631133 (webtiles) character file.

Game seed: 8921847122370032297

114 Illumine the Ducker (level 5, -16/38 HPs)
             Began as a Djinni Fire Elementalist on May 26, 2021.
             Was an Initiate of Makhleb.
             Demolished by an ogre
             ... wielding a +0 giant club
              (27 damage)
             ... on level 4 of the Dungeon.
             The game lasted 00:03:54 (3441 turns).

Illumine the Ducker (Djinni Fire Elementalist)      Turns: 3441, Time: 00:03:55

Health: -16/38     AC:  3    Str:  7    XL:     5   Next: 19%
Gold:   190        EV: 13    Int: 17    God:    Makhleb [......] SH:  0 Dex: 14

rFire    + + .     SeeInvis .   d - +1 dagger (venom)
rCold    x . .     Faith    .   (no shield)
rNeg     . . .     Spirit   .   a - +0 robe
rPois    ∞         Reflect  .   (no helmet)
rElec    .         Harm     .   g - +0 cloak
rCorr    .         Rampage  .   (no gloves)
Will     .....                  (boots unavailable)
Stlth    ++........             (no amulet)
HPRegen  0.12/turn              (no ring)
MPRegen  0.00/turn              (no ring)

@: flying
A: sickness immunity, fire resistance 2, cold vulnerability 1, float, innate
caster, hp casting, extra vitality 1
a: Renounce Religion


You were on level 4 of the Dungeon.
You worshipped Makhleb.
Makhleb was noncommittal.
You visited 1 branch of the dungeon, and saw 4 of its levels.

You collected 190 gold pieces.

Inventory:

Hand Weapons
 b - a +0 short sword
 d - a +1 dagger of venom (weapon)
 j - a +1 short sword of flaming
 o - a +4 antimagic dagger
Missiles
 n - 13 poisoned darts
Armour
 a - a +0 robe (worn)
 g - a +0 cloak (worn)
Jewellery
 p - an amulet of magic regeneration
Scrolls
 e - 3 scrolls of identify {unknown}
 f - a scroll of magic mapping {unknown}
 h - 2 scrolls of noise {unknown}
 i - a scroll of teleportation {unknown}
 m - 2 scrolls of enchant armour {unknown}
Potions
 c - 3 potions of curing {unknown}
 k - 2 potions of lignification {unknown}
 l - a potion of heal wounds {unknown}
 q - a potion of haste {unknown}


   Skills:
 + Level 1.7 Fighting
 + Level 3.7 Dodging
 - Level 1.5 Stealth
 * Level 3.3 Spellcasting
 + Level 0.1 Invocations


You couldn't memorise any spells.
You knew the following spells:

 Your Spells              Type           Power      Damage    Failure   Level
a - Foxfire               Conj/Fire      56%        2x1d6     4%          1
b - Conjure Flame         Conj/Fire      14%        6-21      13%         3
c - Inner Flame           Hex/Fire       14%        N/A       13%         3
d - Sticky Flame          Conj/Fire      14%        2d4       41%         4
e - Fireball              Conj/Fire      7%         3d5       77%         5
f - Corona                Hex            15%        N/A       4%          1
g - Corpse Rot            Necr/Air       N/A        N/A       7%          2
Your spell library was empty.

Dungeon Overview and Level Annotations

Branches:
Dungeon (4/15)
 Temple: D:4-7

Altars:
Makhleb


Innate Abilities, Weirdness & Mutations

You are immune to sickness and miasma.
You are immune to poison.
Your flesh is very heat resistant. (rF++)
You are vulnerable to cold. (rC-)
You float through the air rather than walking.
You learn spells naturally, not from books.
Your magical power is your life essence.
You have superior vitality. (+4 HP)


Message History

Casting: Foxfire (safe; 4% risk of failure)
Confirm with . or Enter, or press ? or * to list all spells.
Okay, then.
Casting: Foxfire (safe; 4% risk of failure)
Confirm with . or Enter, or press ? or * to list all spells.
You conjure some foxfire!
The foxfire hits the hobgoblin.
The hobgoblin is severely wounded.
The foxfire hits the hobgoblin.
You kill the hobgoblin!
Makhleb accepts your kill. The endoplasm closely misses you.
Casting: Foxfire (safe; 4% risk of failure)
Confirm with . or Enter, or press ? or * to list all spells.
Okay, then.
Casting: Foxfire (safe; 4% risk of failure)
Confirm with . or Enter, or press ? or * to list all spells.
You smell decay.
The endoplasm freezes you.
You are frozen.
You feel a terrible chill! The ogre closely misses you.
Unknown command.
Casting: Corpse Rot (safe; 7% risk of failure)
Confirm with . or Enter, or press ? or * to list all spells.
You conjure some foxfire!
The endoplasm misses you.
The foxfire hits the ogre.
The ogre is moderately wounded.
The foxfire hits the endoplasm.
You kill the endoplasm!
Makhleb accepts your kill.
Casting: Foxfire (safe; 4% risk of failure)
Confirm with . or Enter, or press ? or * to list all spells.
You conjure some foxfire!
The ogre hits you with a +0 giant club!
* * * LOW HITPOINT WARNING * * *
The foxfire hits the ogre.
The ogre is moderately wounded.
The foxfire hits the ogre.
The ogre is moderately wounded.
The ogre hits you with a +0 giant club!!
Ouch! That really hurt!
You die...

#.........# ##
#.####.##.# #. #.#
#.##.# ###. #.#
#.##.#####... #.#
#>.......[... #.#
#.##.........
#.####.#########..
#§..†.............
#@.###............
#○O# #.#........#.
####..#
#..........#.
#....÷#
###.#####..#.
#.##......#.#
...#. #
#....?O.#.# ##.##.
#....$..... #.##.
#!......... #.##.
#.......... #.##.


You could see an ogre.

Vanquished Creatures
  A hound skeleton (D:4)
  3 adders
  A worm (D:3)
  A dart slug (D:1)
  2 orcs (D:3)
  5 bats
  5 endoplasms
  2 giant cockroaches
  4 goblins
  7 hobgoblins
  5 jackals (D:1)
  10 kobolds
  3 quokkas
  3 ball pythons
  11 frilled lizards
  4 rats
67 creatures vanquished.

Vanquished Creatures (others)
  173 foxfires
173 creatures vanquished.

Grand Total: 240 creatures vanquished

Notes
Turn   | Place    | Note
-------+----------+-------------------------------------------
     0 | D:1      | Illumine the Djinni Fire Elementalist began the quest for
                  | the Orb.
     0 | D:1      | Reached XP level 1. HP: 15/15 MP: 0/0
   140 | D:1      | Reached XP level 2. HP: 11/21 MP: 0/0
   853 | D:1      | Reached XP level 3. HP: 23/25 MP: 0/0
   853 | D:1      | Learned a level 1 spell: Corona
  1633 | D:2      | Reached skill level 1 in Fighting
  1899 | D:2      | Reached XP level 4. HP: 29/32 MP: 0/0
  3152 | D:3      | Reached XP level 5. HP: 35/37 MP: 0/0
  3152 | D:3      | Learned a level 2 spell: Corpse Rot
  3184 | D:3      | Found a burning altar of Makhleb.
  3200 | D:3      | Became a worshipper of Makhleb the Destroyer
  3429 | D:4      | Noticed an ogre
  3441 | D:4      | Demolished by an ogre

Illustrated notes

Levels and vault maps discovered:
D:1:      dpeg_arrival_short_road, layout_basic
D:2:      layout_basic, amcnicky_mini_rare_corridor_liquid,
          amcnicky_mini_corridor_feature, minivault_14, minmay_lizard_pond
D:3:      layout_basic, lemuel_crystal_altar
D:4:      layout_basic, st_stairs_6, hex_medium, palyth_stone_intersect

Skill      XL: |  1  2  3 |
---------------+----------+-----
Dodging        | 3 |  3.7
Fighting       | 1 |  1.7
Spellcasting   | 3 |  3.3
Stealth        | |  1.5
Invocations    | |  0.1

Action                   |  1- 3 |  4- 6 || total
-------------------------+-------+-------++-------
Melee: Dagger            |     4 |    18 ||    22
 Cast: Foxfire           |    60 |    43 ||   103
       Corpse Rot        |       |     1 ||     1
 Stab: Sleeping          |       |     1 ||     1
Armor: Robe              |     2 |     4 ||     6
Dodge: Dodged            |     7 |    18 ||    25

Table legend: (Time is in decaauts)
 A = Elapsed time spent in this place.
 B = Non-inter-level travel time spent in this place.
 C = Inter-level travel time spent in this place.
 D = Time resting spent in this place.
 E = Time spent auto-exploring this place.
 F = Levels seen in this place.
 G = Mean time per level.
                   A        B        C        D        E       F      G
               +--------+--------+--------+--------+--------+-----+--------+
         Total |   3436 |   3339 |     97 |    363 |   2566 |   4 |  859.0 |
       Dungeon |   3436 |   3339 |     97 |    363 |   2566 |   4 |  859.0 |
               +--------+--------+--------+--------+--------+-----+--------+

Top non-repeatable levels by time:
     D:1: 1474 daAuts
     D:2: 922 daAuts
     D:3: 832 daAuts
     D:4: 206 daAuts
